 Dungeon Crawl Stone Soup version 0.17.1-3-g152610e (webtiles) character file.

147 Urist the Ruffian (level 5, -3/53 HPs)
             Began as a Troll Monk on Apr 7, 2016.
             Was a Believer of Nemelex Xobeh.
             Slain by a gnoll
             ... wielding a +0 spear
              (5 damage)
             ... on level 3 of the Dungeon.
             The game lasted 00:06:16 (2067 turns).

Urist the Ruffian (Troll Monk)                      Turns: 2067, Time: 00:06:16

Health: -3/53      AC:  5    Str: 20    XL:     5   Next: 8%
Magic:  4/4        EV: 10    Int:  6    God:    Nemelex Xobeh [**....]
Gold:   113        SH:  0    Dex: 12    Spells: 0 memorised, 4 levels left

rFire  . . .     SeeInvis .       - Unarmed
rCold  . . .     Clarity  .     a - +0 robe
rNeg   . . .     SustAt   .     (no shield)
rPois  .         Gourm    +     (helmet restricted)
rElec  .         Spirit   .     (no cloak)
rCorr  .         Warding  .     (gloves unavailable)
rMut   .         Stasis   .     (boots unavailable)
MR     .....                    (no amulet)
Stlth  +.........               (no ring)
                                (no ring)

@: not resistant to hostile enchantments, very unstealthy
A: unfitting armour, claws 3, fast metabolism 3, gourmand, regeneration 3,
shaggy fur 1, tough skin 2
a: Renounce Religion


You were on level 3 of the Dungeon.
You worshipped Nemelex Xobeh.
Nemelex Xobeh was pleased with you.
You were not hungry.

You visited 1 branch of the dungeon, and saw 3 of its levels.

You collected 113 gold pieces.

Inventory:

Armour
 a - a +0 robe (worn)
Jewellery
 b - an uncursed ring of stealth {unknown}
Scrolls
 c - 6 scrolls of remove curse {unknown}
 f - a scroll of teleportation {unknown}
 i - a scroll of recharging
 k - a scroll of immolation {unknown}
 o - a scroll of enchant weapon {unknown}
Potions
 d - 2 potions of flight {unknown}
 g - a potion of haste {unknown}
 h - a potion of ambrosia {unknown}
 j - a potion of brilliance {unknown}
 l - 2 potions of curing {unknown}
 m - a potion of resistance {unknown}
 n - a potion of lignification {unknown}
Miscellaneous
 p - a plain deck of destruction {drawn: 1}
 q - a plain deck of war {drawn: 4}
 r - a plain deck of war


   Skills:
 * Level 3.1 Fighting
 * Level 3.1 Dodging
 + Level 1.2 Stealth
 * Level 5.2 Unarmed Combat
 + Level 0.1 Evocations


You had 4 spell levels left.
You didn't know any spells.

Dungeon Overview and Level Annotations

Branches:
Dungeon (3/15)

Altars:
Cheibriados
Nemelex Xobeh
Vehumet


Innate Abilities, Weirdness & Mutations

You are too large for most types of armour.
You have claws for hands.
Your metabolism is lightning-fast.
You like to eat raw meat.
You regenerate.
You are covered in fur (AC +1).
You have very tough skin (AC +2).


Message History

The gnoll hits you but does no damage. The gnoll hits you!
* * * LOW HITPOINT WARNING * * *
You scratch the gnoll.
The gnoll is lightly wounded.
The gnoll hits you but does no damage. The gnoll shaman closely misses you.
The gnoll closely misses you. The gnoll barely misses you.
You claw the gnoll!
The gnoll is severely wounded.
The gnoll hits you from afar with a spear!
* * * LOW HITPOINT WARNING * * *
The gnoll shaman misses you. The gnoll barely misses you. The gnoll hits you.
* * * LOW HITPOINT WARNING * * *
Read which item? (? for menu, Esc to quit)
As you read the scroll labeled QOLEIXK RIPPOEJI, it crumbles to dust.
It is a scroll of identify.
Identify which item? (\ to view known items) (? for menu, Esc to quit)
i - a scroll of recharging The gnoll hits you from afar with a spear.
You die...
Your body disappears without a glow.

#.# #.# #.## #.. #..
#.################
#.#...........#...
#gg......)...))...
#@#...........#...
#.g)#############'''
#.g.# .........[....
##### ≈≈≈≈≈≈≈≈≈≈≈...
≈≈ ≈≈≈≈≈≈≈≈≈≈≈...
≈≈≈ ≈≈≈≈≈≈≈≈≈≈≈...
... ..............
#### ........)..)..
#######)######


You could see a gnoll shaman and 3 gnolls.

Vanquished Creatures
  Jessica (D:2)
  2 gnolls (D:3)
  An adder (D:2)
  A worm (D:3)
  A giant gecko (D:2)
  An orc (D:3)
  A ball python (D:2)
  3 bats (D:2)
  2 giant cockroaches (D:1)
  6 goblins
  5 hobgoblins
  4 jackals (D:3)
  3 quokkas
  4 kobolds
  6 rats
41 creatures vanquished.

Vanquished Creatures (collateral kills)
  7 gnolls (D:3)
  An orc (D:3)
  2 jackals (D:3)
  A bat (D:3)
  A goblin (D:3)
12 creatures vanquished.

Grand Total: 53 creatures vanquished

Notes
Turn   | Place    | Note
--------------------------------------------------------------
     0 | D:1      | Urist the Troll Monk began the quest for the Orb.
     0 | D:1      | Reached XP level 1. HP: 22/22 MP: 0/0
   443 | D:1      | Reached XP level 2. HP: 23/29 MP: 1/1
  1045 | D:2      | Reached XP level 3. HP: 36/36 MP: 2/2
  1271 | D:2      | Found a sparkling altar of Nemelex Xobeh.
  1271 | D:2      | Noticed Jessica
  1280 | D:2      | Killed Jessica
  1285 | D:2      | Became a worshipper of Nemelex Xobeh the Trickster
  1285 | D:2      | Received a gift from Nemelex Xobeh
  1285 | D:2      | Reached * piety under Nemelex Xobeh
  1285 | D:2      | Received a gift from Nemelex Xobeh
  1285 | D:2      | Reached ** piety under Nemelex Xobeh
  1285 | D:2      | Received a gift from Nemelex Xobeh
  1368 | D:2      | Gained mutation: You regenerate. [helix card]
  1412 | D:2      | Found a snail-covered altar of Cheibriados.
  1672 | D:3      | Reached XP level 4. HP: 44/44 MP: 3/3
  1711 | D:3      | Found a faded altar to an unknown god.
  1837 | D:3      | Found a radiant altar of Vehumet.
  1964 | D:3      | Reached skill level 5 in Unarmed Combat
  2023 | D:3      | Reached XP level 5. HP: 25/53 MP: 4/4
  2066 | D:3      | HP: 1/53 [gnoll (5)]
  2067 | D:3      | Slain by a gnoll

Action                   |  1- 3 |  4- 6 || total
-------------------------+-------+-------++-------
Melee: Unarmed           |    64 |    48 ||   112
Evoke: Deck              |     1 |     4 ||     5
  Use: Scroll            |       |     1 ||     1
 Stab: Sleeping          |     1 |       ||     1
  Eat: Bread ration      |     3 |       ||     3
       Chunk             |     1 |     5 ||     6
